 Dungeon Crawl Stone Soup version 0.28.0-53-g5a82cb258f (webtiles) character file.

Game seed: 6079954046352663020

2178 mortz the Chopper (level 8, -7/69 HPs)
             Began as a Demigod Fighter on June 6, 2022.
             Mangled by a vampire (8 damage)
             ... on level 6 of the Dungeon.
             The game lasted 00:31:49 (6285 turns).

mortz the Chopper (Demigod Fighter)                 Turns: 6285, Time: 00:31:50

Health: -7/69      AC: 20    Str: 32    XL:     8   Next: 86%
Magic:  10/10      EV: 11    Int: 10    God:
Gold:   299        SH:  5    Dex: 13    Spells: 7/7 levels left

rFire   + . .      SeeInvis .   a - +2 war axe (elec) {axe}
rCold   . . .      Faith    .   c - +0 buckler
rNeg    . . .      Spirit   .   M - +0 scale mail of the Countless Scars {Fly rCorr Str+7 Stlth-}
rPois   .          Reflect  .   l - +1 helmet
rElec   .          Harm     .   j - +2 cloak
rCorr   +          Rampage  .   k - +2 pair of gloves
Will    .....                   (no boots)
Stlth   ..........              (no amulet)
HPRegen 0.21/turn               r - +4 ring of protection
MPRegen 0.12/turn               e - ring of protection from fire

@: flying
A: high MP 1, forlorn, divine attributes
a: no special abilities


You were on level 6 of the Dungeon.
You visited 1 branch of the dungeon, and saw 6 of its levels.
You also visited: Ossuary.

You collected 299 gold pieces.


Innate Abilities, Weirdness & Mutations

You have an increased reservoir of magic. (+10% MP)
You shall have no god before yourself.
Your divine heritage dramatically boosts your attributes as you level up.


   Skills:
 + Level 5.5 Fighting
 + Level 7.6 Axes
 + Level 1.8 Throwing
 + Level 5.1 Armour
 + Level 3.2 Dodging
 + Level 0.2 Stealth
 + Level 3.6 Shields


You had 7 spell levels left.
You didn't know any spells.
Your spell library was empty.

Inventory:

Hand Weapons
 a - a +2 war axe of electrocution (weapon) {axe}
 f - a +3 flail of holy wrath {mace}
   (You took it off Edmund on level 6 of the Dungeon)
 m - a +0 flail of protection {mace}
   (You took it off an orc on level 5 of the Dungeon)
 C - a +2 dagger of draining {short}
   (You took it off an orc on level 5 of the Dungeon)
 G - a +2 dagger of protection {short}
   (You took it off an orc wizard on level 5 of the Dungeon)
 H - a +0 morningstar {mace}
   (You took it off an orc on level 5 of the Dungeon)
 L - a +2 trident of pain {polearm}
   (You found it on level 6 of the Dungeon)
Missiles
 B - 5 poisoned darts (quivered) {throwing}
 D - 3 boomerangs {throwing}
 J - a silver boomerang {throwing}
Armour
 b - a +0 scale mail
 c - a +0 buckler (worn)
 j - a +2 cloak (worn)
   (You found it on level 2 of the Dungeon)
 k - a +2 pair of gloves (worn)
   (You found it on level 2 of the Dungeon)
 l - a +1 helmet (worn)
   (You took it off Robin on level 2 of the Dungeon)
 p - a +0 plate armour
   (You took it off an orc warrior on level 6 of the Dungeon)
 I - a +0 pair of boots
   (You found it on level 6 of the Dungeon)
 M - the +0 scale mail of the Countless Scars (worn) {Fly rCorr Str+7 Stlth-}
   (You found it on level 6 of the Dungeon)

   Str:       It affects your strength (+7).
   Fly:       It grants you flight.
   rCorr:     It protects you from acid and corrosion.
   Stlth:     It makes you less stealthy.
Jewellery
 e - a ring of protection from fire (right hand)
   (You found it on level 4 of the Dungeon)
 r - a +4 ring of protection (left hand)
   (You found it on level 3 of the Dungeon)
 K - an amulet of faith {!P}
   (You found it on level 6 of the Dungeon)
Wands
 v - a wand of polymorph (8)
   (You found it on level 5 of the Dungeon)
Scrolls
 g - a scroll of immolation {unknown}
 o - a scroll of noise {unknown}
 q - a scroll of magic mapping {unknown}
 s - a scroll of blinking {unknown}
 t - a scroll of brand weapon
 y - a scroll of amnesia {unknown}
 A - a scroll of teleportation {unknown}
 E - a scroll of silence {unknown}
 F - 2 scrolls of vulnerability {unknown}
Potions
 d - 2 potions of might
 h - 2 potions of mutation {!q}
 i - 6 potions of curing {@q1}
 n - 3 potions of haste {@q3}
 u - a potion of attraction {!q}
 w - a potion of flight
 x - a potion of resistance
 z - a potion of magic {unknown}

Dungeon Overview and Level Annotations

Branches:
Dungeon (6/15)             Temple (0/1) D:6         Ossuary (visited)

Annotations:
D:6 Ascent's ghost, amateur HuCj

....>.# #.# .....## #.#
###..# ### #.#
###..####.## #.#
.........#.# #####.#
###..####.## #.....# #
#..# #.#######.###.###
###..# #.#.............##
.....# #.......@{.......#
####(####....#########...#
#...##...##8.W/$.8##..#
###.##...#........©#..#
#.##...#.##...##.#..#
#.##...#†##...##.#..#
#.#....#....©....#..#
#......#.##...##.#..#####
#......#.##...##.#......#


You could see Ascent's ghost.


Message History

a +0 flail {mace}; a +0 war axe {axe} The iguana hisses angrily.
You hear a bark!
Ascent's ghost turns its malevolent gaze towards you.
There is a transporter here.
The iguana hisses menacingly.
Energy condenses in front of Ascent's ghost, but quickly dissipates.
You enter the transporter and appear at another place.
The vampire mumbles some strange words.
The vampire flickers and vanishes!
Deactivating autopickup; reactivate with Ctrl-A.
The iguana bites you but does no damage.
The water moccasin misses you.
You hit the water moccasin.
Lightning courses through the water moccasin!
The water moccasin bites you but does no damage. x2
You closely miss the water moccasin.
The water moccasin bites you but does no damage.
The water moccasin misses you.
You barely miss the water moccasin. The water moccasin barely misses you.
You slice the water moccasin!!
You kill the water moccasin! 😎 HP[+1]
You now have 69 max hp (+1).
Your hp is fully restored (69).
You hit the iguana. The iguana misses you.
You slash the iguana!
You kill the iguana!
You block the hound's attack.
You closely miss the hound. The hound closely misses you. The hound misses you.
You miss the hound. You block the hound's attack.
You slice the hound!!
You kill the hound!
You hit something. Lightning courses through something!
You block something's attack. Something bites you!
Something draws strength from your injuries! 😕 HP[-11]
You take 11 damage, and now have 58/69 hp.
You closely miss something. Something hits you.
Something bites you but does no damage. 😕 HP[-1]
You take 1 damage, and now have 57/69 hp.
You slash something!
Something draws life force from you! 😮 HP[-17]
You take 17 damage, and now have 40/69 hp.
MASSIVE DAMAGE!! (PAUSE)
You hit something but do no damage. Something hits you but does no damage.
Something bites you.
* * * LOW HITPOINT WARNING * * *
Something draws strength from your injuries!
You block something's attack.
Something bites you but does no damage. 😨 HP[-6]
You take 6 damage, and now have 34/69 hp.
You hit something.
Ascent's ghost gestures at you while chanting.
The magic dart hits something but does no damage.
Something hits you but does no damage.
Something bites you but does no damage. 😮 HP[+1]
You barely miss something. You block something's attack.
Something bites you but does no damage.
You hit something but do no damage. Lightning courses through something!!
Something hits you but does no damage. Something bites you but does no damage.
You barely miss something. Something draws life force from you!!
* * * LOW HITPOINT WARNING * * *
😱 HP[-20]
You take 20 damage, and now have 15/69 hp.
MASSIVE DAMAGE!! (PAUSE) 😱 HP[+1]
You see here 9 gold pieces.
Ascent's ghost says, "You will join me soon!"
Ascent's ghost points at you and mumbles some strange words.
The magic dart hits something.
Things that are here:
a wand of iceblast (8); 22 gold pieces Ascent's ghost casts a spell at you.
The magic dart hits something. 😱 HP[+1]
There is a transporter here.
You enter the transporter and appear at another place.
Something barely misses you. Something bites you!
* * * LOW HITPOINT WARNING * * *
Something draws strength from your injuries! 😱 HP[-11]
You take 11 damage, and now have 6/69 hp. 😱 HP[+1]
You feel better. Something hits you but does no damage.
Something bites you but does no damage. 😱 HP[+6]
You regained 6 hp, and now have 13/69 hp.
You miss something. Something hits you but does no damage.
You block something's attack.
You miss something. Something hits you but does no damage.
Something barely misses you. Something hits you but does no damage.
Something bites you!
* * * LOW HITPOINT WARNING * * *
Something draws strength from your injuries! 😱 HP[-9]
You take 9 damage, and now have 4/69 hp.
You closely miss something. Something hits you.
* * * LOW HITPOINT WARNING * * *
Something bites you!
You die...

Skill      XL: |  1  2  3  4  5  6  7  8 |
---------------+-------------------------+-----
Fighting       | 3 4 5 |  5.5
Shields        | 3 |  3.6
Axes           | 2 3 4 6 7 |  7.6
Armour         | 3 4 5 |  5.1
Dodging        | 1 2 3 |  3.2
Throwing       | 1 |  1.8
Stealth        | |  0.2

Action                   |  1- 3 |  4- 6 |  7- 9 || total
-------------------------+-------+-------+-------++-------
Melee: War axe           |   119 |   215 |   233 ||   567
Throw: Dart              |       |     1 |    33 ||    34
  Use: Scroll            |       |     7 |     6 ||    13
       Potion            |       |       |     1 ||     1
Armor: Scale mail        |    52 |    90 |   136 ||   278
Dodge: Dodged            |    52 |    96 |    90 ||   238
Block: Buckler           |    14 |    25 |    44 ||    83

Levels and vault maps discovered:
D:1:      nicolae_arrival_somewhat_less_tricky_arrival, layout_loops_cross,
          ebering_ecumenical_altar_abandoned, minmay_unequal
D:2:      layout_basic, uniq_natasha, uniq_robin
D:3:      layout_basic, solitary_fountain, patterned_corridor
D:4:      layout_loops_ring, enter_ossuary_1, minmay_misc_feat_square
D:5:      layout_rooms, chequers_arboretum
D:6:      layout_loops_ring, minmay_temple_entry_mini_moons,
          gammafunk_ghost_arena, uniq_edmund

Notes
Turn   | Place    | Note
-------+----------+-------------------------------------------
     0 | D:1      | mortz the Demigod Fighter began the quest for the Orb.
     0 | D:1      | Reached XP level 1. HP: 18/18 MP: 3/3
     0 | D:1      | magus.rc [v1.9.6]
   197 | D:1      | Reached skill level 3 in Fighting
   310 | D:1      | Reached XP level 2. HP: 18/26 MP: 4/4
   651 | D:1      | Reached skill level 3 in Shields
   759 | D:1      | Reached skill level 2 in Axes
  1020 | D:1      | Reached XP level 3. HP: 31/31 MP: 5/5
  1323 | D:2      | Noticed Natasha
  1332 | D:2      | Killed Natasha
  1333 | D:2      | Reached skill level 3 in Armour
  1739 | D:2      | Noticed Natasha
  1746 | D:2      | Reached XP level 4. HP: 32/38 MP: 6/6
  1752 | D:2      | Killed Natasha
  1917 | D:2      | Noticed Robin
  1931 | D:2      | Killed Robin
  1932 | D:2      | Reached skill level 3 in Axes
  2168 | D:2      | Reached XP level 5. HP: 46/46 MP: 7/7
  2992 | D:4      | Noticed an ogre
  3001 | D:4      | Killed an ogre
  3002 | D:4      | Reached skill level 4 in Fighting
  3002 | D:4      | Reached skill level 1 in Dodging
  3092 | D:4      | Found a sand-covered staircase.
  3103 | Ossuary  | Entered an ossuary
  3108 | Ossuary  | Reached XP level 6. HP: 35/52 MP: 8/8
  3113 | Ossuary  | Reached skill level 4 in Axes
  3748 | D:4      | Reached skill level 4 in Armour
  4014 | D:5      | Entered Level 5 of the Dungeon
  4055 | D:5      | Reached XP level 7. HP: 58/60 MP: 9/9
  4059 | D:5      | Reached skill level 5 in Axes
  4141 | D:5      | Reached skill level 2 in Dodging
  4424 | D:5      | Reached skill level 6 in Axes
  4550 | D:5      | Reached XP level 8. HP: 67/67 MP: 10/10
  5017 | D:5      | Reached skill level 5 in Fighting
  5036 | D:5      | Reached skill level 1 in Throwing
  5185 | D:5      | Reached skill level 7 in Axes
  5351 | D:6      | Found a staircase to the Ecumenical Temple.
  5352 | D:6      | Noticed Edmund
  5359 | D:6      | Reached skill level 3 in Dodging
  5370 | D:6      | Killed Edmund
  5371 | D:6      | Reached skill level 5 in Armour
  5625 | D:6      | Noticed Ascent's ghost (amateur HuCj)
  5638 | D:6      | Found a transporter.
  5657 | D:6      | Found a transporter.
  5991 | D:6      | Identified the +0 scale mail of the Countless Scars {Fly
                  | rCorr Str+7 Stlth-}
  6271 | D:6      | HP: 15/69 [something (20)]
  6280 | D:6      | HP: 6/69 [something (11)]
  6285 | D:6      | HP: 1/69 [something (3)]
  6285 | D:6      | Mangled by a vampire

Vanquished Creatures
  Edmund (D:6)
  2 water moccasins
  A black bear (D:5)
  An orc warrior (D:6)
  An ice beast (D:6)
  A sky beast (D:5)
  An ogre (D:4)
  3 necrophages
  A phantom (D:5)
  An elf zombie (Ossuary)
  2 scorpions (D:5)
  3 hounds
  A bullfrog zombie (D:6)
  2 orc priests
  2 gnoll shamans (D:5)
  3 iguanas
  7 orc wizards
  Natasha (twice) (D:2)
  A hound zombie (D:5)
  2 hound skeletons
  3 mummies (Ossuary)
  A howler monkey zombie (D:6)
  Robin (D:2)
  6 gnolls (D:5)
  5 adders
  2 shadow imps
  An adder zombie (Ossuary)
  4 dart slugs
  2 worms
  10 orcs
  3 ball pythons (D:1)
  2 bats
  10 endoplasms
  3 giant cockroaches
  A gnoll zombie (Ossuary)
  14 goblins
  12 hobgoblins
  6 quokkas
  2 frilled lizards (D:1)
  2 goblin zombies (Ossuary)
  A hobgoblin zombie (Ossuary)
  7 kobolds
  3 kobold zombies (Ossuary)
  An orc zombie (Ossuary)
  2 quokka zombies (Ossuary)
  9 rats
  6 rat zombies (Ossuary)
157 creatures vanquished.

Table legend:
 A = Non-vault XP
 B = Vault XP
 C = Vault XP percentage of total XP
 D = Non-vault monster count
 E = Vault monster count
 F = Vault count percentage of total count
                 A         B        C        D         E       F
            +---------+---------+-------+---------+---------+-------
      Total |    2477 |     635 |  20.4 |     117 |      40 |  25.5
            +---------+---------+-------+---------+---------+-------
        D:1 |      53 |       5 |   8.6 |      29 |       3 |   9.4
        D:2 |     116 |      68 |  37.0 |      17 |      12 |  41.4
        D:3 |      22 |       0 |   0.0 |      11 |       0 |   0.0
        D:4 |     333 |       0 |   0.0 |      15 |       0 |   0.0
        D:5 |    1495 |       0 |   0.0 |      37 |       0 |   0.0
        D:6 |     458 |     385 |  45.7 |       8 |       4 |  33.3
    Ossuary |       0 |     177 | 100.0 |       0 |      21 | 100.0
            +---------+---------+-------+---------+---------+-------

Illustrated notes

Table legend:
 A = Kills in this place as a percentage of kills in entire the game.
 B = Kills by you in this place as a percentage of kills by you in the entire game.
 C = Kills by friends in this place as a percentage of kills by friends in the entire game.
 D = Other kills in this place as a percentage of other kills in the entire game.
 E = Experience gained in this place as a percentage of experience gained in the entire game.
 F = Experience gained in this place divided by the number of levels of this place that you have seen.
                   A       B       C       D       E      F
               +-------+-------+-------+-------+-------+----------------------
         Total | 100.0 | 100.0 |   N/A |   N/A | 100.0 | 444.6
       Dungeon |  86.6 |  86.6 |   N/A |   N/A |  94.3 | 489.2
       Ossuary |  13.4 |  13.4 |   N/A |   N/A |   5.7 | 177.0
               +-------+-------+-------+-------+-------+----------------------

Table legend: (Time is in decaauts)
 A = Elapsed time spent in this place.
 B = Non-inter-level travel time spent in this place.
 C = Inter-level travel time spent in this place.
 D = Time resting spent in this place.
 E = Time spent auto-exploring this place.
 F = Levels seen in this place.
 G = Mean time per level.
                   A        B        C        D        E       F      G
               +--------+--------+--------+--------+--------+-----+--------+
         Total |   6483 |   6344 |    139 |    174 |   4507 |   7 |  926.1 |
       Dungeon |   6058 |   5919 |    139 |      0 |   4481 |   6 | 1009.7 |
       Ossuary |    425 |    425 |      0 |    174 |     26 |   1 |  425.0 |
               +--------+--------+--------+--------+--------+-----+--------+

Top non-repeatable levels by time:
     D:5: 1371 daAuts
     D:1: 1365 daAuts
     D:6: 952 daAuts
     D:2: 914 daAuts
     D:4: 759 daAuts
     D:3: 694 daAuts
 Ossuary: 425 daAuts
